[Event "RUS-ch Women Blitz 2019"]
[Site "Sochi"]
[Date "2019.10.17"]
[Round "4.1"]
[White "Voit, Daria"]
[Black "Gritsayeva, Oksana"]
[Result "1-0"]
[ECO "A40"]
[WhiteElo "2336"]
[BlackElo "2370"]
[Annotator "NA"]
[PlyCount "81"]
[EventDate "2019.10.17"]
[EventType "swiss"]
[EventCountry "RUS"]
[SourceTitle "playchess.com"]
[Source "ChessBase"]
[SourceQuality "1"]
[TimeControl "180+2"]

1. d4 g6 2. c4 Bg7 3. Nf3 c5 4. d5 f5 5. Nc3 Nf6 6. Qc2 d6 7. e4 fxe4 8. Nxe4 Nxe4 9. Qxe4 Nd7 10. Bd3 Nf6 11. Qe2 Bg4 12. h3 Bxf3 13. Qxf3 O-O 14. O-O a6 15. Re1 Rb8 16. Qe2 Nd7 17. Qxe7 Qxe7 18. Rxe7 Ne5 19. Be2 b5 20. cxb5 axb5 21. a4 bxa4 22. Rxa4 Nf7 23. Raa7 Rbe8 24. Bg4 Rxe7 25. Rxe7 Ne5 26. Re6 Nxg4 27. hxg4 Bd4 28. Be3 Bxe3 29. fxe3 Rd8 30. Kf2 Kf7 31. g5 Rd7 32. e4 Rd8 33. Ke3 Rd7 34. Kd3 Rd8 35. Kc4 Rd7 36. b3 Rd8 37. Kb5 Rb8+ 38. Kc6 Rxb3 39. Kxd6 c4 40. Re7+ Kf8 41. Rxh7 1-0

[Event "RUS-ch Women Blitz 2019"]
[Site "Sochi"]
[Date "2019.10.17"]
[Round "4.2"]
[White "Lysenko, Margarita"]
[Black "Semenova, Elena"]
[Result "0-1"]
[ECO "E20"]
[WhiteElo "2243"]
[BlackElo "2282"]
[Annotator "NA"]
[PlyCount "68"]
[EventDate "2019.10.17"]
[EventType "swiss"]
[EventCountry "RUS"]
[SourceTitle "playchess.com"]
[Source "ChessBase"]
[SourceQuality "1"]
[TimeControl "180+2"]

1. d4 Nf6 2. c4 e6 3. Nc3 Bb4 4. f3 c5 5. d5 b5 6. e4 O-O 7. Nh3 bxc4 8. Bxc4 exd5 9. Bxd5 Nxd5 10. Qxd5 Qh4+ 11. Nf2 Nc6 12. O-O Ba6 13. Rd1 Nd4 14. Bg5 Qh5 15. Be7 Qxd5 16. Nxd5 Ne2+ 17. Kh1 Rfc8 18. Nxb4 cxb4 19. Bxb4 Rab8 20. a3 Bb5 21. Nd3 Rc2 22. Ne5 Rxb2 23. Bd6 Rc8 24. Bb4 Nf4 25. Nxd7 Nxg2 26. Rac1 Rxc1 27. Nf6+ gxf6 28. Rxc1 Nh4 29. Rg1+ Ng6 30. h4 h5 31. Rc1 Kh7 32. Rc7 Ne5 33. f4 Nf3 34. Rxf7+ Kg6 0-1

[Event "RUS-ch Women Blitz 2019"]
[Site "Sochi"]
[Date "2019.10.17"]
[Round "4.3"]
[White "Borisova, Ekaterina"]
[Black "Kovanova, Baira"]
[Result "0-1"]
[ECO "A62"]
[WhiteElo "2347"]
[BlackElo "2344"]
[Annotator "NA"]
[PlyCount "78"]
[EventDate "2019.10.17"]
[EventType "swiss"]
[EventCountry "RUS"]
[SourceTitle "playchess.com"]
[Source "ChessBase"]
[SourceQuality "1"]
[TimeControl "180+2"]

1. d4 Nf6 2. g3 e6 3. c4 c5 4. d5 exd5 5. cxd5 d6 6. Nc3 g6 7. Bg2 Bg7 8. Nf3 O-O 9. O-O a6 10. a4 Re8 11. Bf4 Qe7 12. Qd2 Qf8 13. Rfe1 Nh5 14. Bg5 h6 15. Be3 Nf6 16. h3 g5 17. Qc2 Nbd7 18. Nd2 Ne5 19. Rab1 Bd7 20. b4 b6 21. bxc5 bxc5 22. Rb6 Qe7 23. Reb1 Red8 24. Rb7 Ne8 25. Be4 Qf6 26. R1b3 Bxh3 27. Bg2 Bf5 28. Nce4 Qg6 29. R3b6 Nf6 30. Nxf6+ Qxf6 31. Qb3 Ng4 32. Nc4 Bg6 33. a5 Re8 34. Rxd6 Rxe3 35. fxe3 Qf2+ 36. Kh1 Qxg3 37. Kg1 Qf2+ 38. Kh1 Qe1+ 39. Bf1 Qxf1# 0-1

[Event "RUS-ch Women Blitz 2019"]
[Site "Sochi"]
[Date "2019.10.20"]
[Round "4.3"]
[White "Obolentseva, Alexandra"]
[Black "Lukina, Aleksandra"]
[Result "1-0"]
[ECO "E94"]
[WhiteElo "2111"]
[BlackElo "1937"]
[Annotator "NA"]
[PlyCount "55"]
[EventDate "2019.10.17"]
[EventType "swiss"]
[EventCountry "RUS"]
[SourceTitle "playchess.com"]
[Source "ChessBase"]
[SourceQuality "1"]
[TimeControl "180+2"]

1. d4 Nf6 2. c4 g6 3. Nc3 Bg7 4. e4 d6 5. Nf3 O-O 6. Be2 e5 7. O-O exd4 8. Nxd4 c6 9. f3 Re8 10. Kh1 Nh5 11. g4 Nf6 12. Bf4 h5 13. Nf5 Bxf5 14. gxf5 Bf8 15. fxg6 fxg6 16. Rg1 Kh7 17. Bd3 Nfd7 18. e5 Re6 19. Qc2 Qe8 20. Rxg6 Rxg6 21. Rg1 Nxe5 22. Bxe5 Qxe5 23. Bxg6+ Kh8 24. Ne4 Bh6 25. Qd3 Nd7 26. Nxd6 Rf8 27. Nf7+ Rxf7 28. Bxf7 1-0

[Event "RUS-ch Women Blitz 2019"]
[Site "Sochi"]
[Date "2019.10.17"]
[Round "4.4"]
[White "Bykova, Anastasia"]
[Black "Garifullina, Leya"]
[Result "1-0"]
[ECO "E16"]
[WhiteElo "2247"]
[BlackElo "2330"]
[Annotator "NA"]
[PlyCount "131"]
[EventDate "2019.10.17"]
[EventType "swiss"]
[EventCountry "RUS"]
[SourceTitle "playchess.com"]
[Source "ChessBase"]
[SourceQuality "1"]
[TimeControl "180+2"]

1. d4 Nf6 2. c4 e6 3. Nf3 b6 4. g3 Bb7 5. Bg2 Bb4+ 6. Bd2 Be7 7. O-O O-O 8. Nc3 c6 9. e4 d5 10. e5 Ne4 11. cxd5 cxd5 12. Qb3 Nxd2 13. Nxd2 Nc6 14. Qa4 a6 15. Nf3 b5 16. Qd1 Qb6 17. Qd2 a5 18. Rfc1 Rfc8 19. h4 h6 20. Bf1 Ba6 21. Bd3 Qb7 22. Qe3 b4 23. Na4 Bxd3 24. Qxd3 Na7 25. Nd2 Rxc1+ 26. Rxc1 Rc8 27. Rxc8+ Qxc8 28. Nb3 Bd8 29. Nbc5 Qc6 30. b3 Bb6 31. Kf1 Bxc5 32. Nxc5 Nb5 33. Ke1 Nc3 34. a4 h5 35. f3 g6 36. Qa6 Qxa6 37. Nxa6 Kg7 38. Nc5 Kh6 39. Nb7 g5 40. hxg5+ Kxg5 41. Nxa5 h4 42. gxh4+ Kxh4 43. Nc6 Kg3 44. Nxb4 Kxf3 45. Kd2 Ne4+ 46. Kd3 Nf2+ 47. Kc3 Ne4+ 48. Kc2 Ke3 49. Nc6 f5 50. exf6 Nxf6 51. a5 Nd7 52. a6 Nb6 53. Kc3 Ke4 54. Ne5 Na8 55. Nd7 Nc7 56. a7 Na8 57. Nc5+ Kf5 58. Nd7 e5 59. Nxe5 Ke6 60. Kb4 Kd6 61. Kb5 Kc7 62. Ka6 Nb6 63. Nd3 Na8 64. Nf4 Kc6 65. Ne6 Kd7 66. Kb7 1-0

[Event "RUS-ch Women Blitz 2019"]
[Site "Sochi"]
[Date "2019.10.20"]
[Round "4.5"]
[White "Ambartsumova, Karina"]
[Black "Zhurova, Anna"]
[Result "1/2-1/2"]
[ECO "A16"]
[WhiteElo "2341"]
[BlackElo "1987"]
[Annotator "NA"]
[PlyCount "154"]
[EventDate "2019.10.17"]
[EventType "swiss"]
[EventCountry "RUS"]
[SourceTitle "playchess.com"]
[Source "ChessBase"]
[SourceQuality "1"]
[TimeControl "180+2"]

1. c4 Nf6 2. Nc3 d5 3. cxd5 Nxd5 4. Nf3 g6 5. Qb3 Nxc3 6. bxc3 Bg7 7. d4 O-O 8. e3 c5 9. Be2 cxd4 10. cxd4 Nc6 11. Bb2 e5 12. O-O exd4 13. Rfd1 Be6 14. Qa3 Qb6 15. Nxd4 Nxd4 16. Bxd4 Bxd4 17. Rxd4 Rfd8 18. Rb4 Qd6 19. Qb2 b6 20. Rd4 Qe7 21. Rad1 Rxd4 22. exd4 Bd5 23. Bf1 Rd8 24. a3 Qg5 25. h3 Be6 26. Qd2 Qxd2 27. Rxd2 Bd5 28. Rc2 Be6 29. Rd2 Kf8 30. Ba6 Bd5 31. Rc2 Be6 32. Rd2 Bd5 33. f3 Rd6 34. Kf2 Rc6 35. Bb7 Rd6 36. Bxd5 Rxd5 37. Ke3 Ke7 38. Ke4 Ra5 39. Rd3 Kd6 40. g4 f5+ 41. Kf4 fxg4 42. fxg4 Kd5 43. h4 Ra4 44. Ke3 b5 45. h5 gxh5 46. gxh5 h6 47. Rb3 a6 48. Rd3 a5 49. Rb3 b4 50. axb4 Rxb4 51. Ra3 a4 52. Kf4 Rxd4+ 53. Kf5 Kc5 54. Kg6 Rd6+ 55. Kg7 Kb4 56. Rf3 a3 57. Rf4+ Kc3 58. Rf3+ Rd3 59. Rf2 Rd6 60. Rf3+ Kb4 61. Rf4+ Kb3 62. Rf3+ Kb2 63. Rf2+ Kc3 64. Rf3+ Rd3 65. Rf2 Rd2 66. Rf3+ Kb2 67. Rf8 Rd6 68. Rf2+ Kc3 69. Rf3+ Rd3 70. Rf2 Rd2 71. Rf3+ Kb2 72. Rxa3 Kxa3 73. Kxh6 Rg2 74. Kh7 Kb4 75. h6 Kc5 76. Kh8 Kd6 77. h7 Rh2 1/2-1/2

[Event "RUS-ch Women Blitz 2019"]
[Site "Sochi"]
[Date "2019.10.17"]
[Round "4.5"]
[White "Murashova, Ekaterina"]
[Black "Shafigullina, Zarina"]
[Result "0-1"]
[ECO "B33"]
[WhiteElo "2248"]
[BlackElo "2295"]
[Annotator "NA"]
[PlyCount "74"]
[EventDate "2019.10.17"]
[EventType "swiss"]
[EventCountry "RUS"]
[SourceTitle "playchess.com"]
[Source "ChessBase"]
[SourceQuality "1"]
[TimeControl "180+2"]

1. e4 c5 2. Nf3 Nc6 3. d4 cxd4 4. Nxd4 Nf6 5. Nc3 e5 6. Ndb5 d6 7. Bg5 a6 8. Na3 b5 9. Nd5 Be7 10. Bxf6 Bxf6 11. c3 O-O 12. Nc2 Rb8 13. h4 Be6 14. Nxf6+ gxf6 15. Qh5 Kh8 16. Ne3 Rg8 17. Rd1 Ne7 18. g3 Qd7 19. Qe2 f5 20. exf5 Nxf5 21. Bg2 Nxe3 22. Qxe3 f5 23. O-O f4 24. Qd3 Rbd8 25. Rfe1 Qg7 26. Kh2 Bxa2 27. Qf3 fxg3+ 28. fxg3 d5 29. Re3 Bb3 30. Ra1 Rgf8 31. Qh5 e4 32. Rxa6 Rf2 33. Rh6 Rdf8 34. Kg1 Bc2 35. Re1 Bd3 36. Ra1 e3 37. Bxd5 Qxg3+ 0-1

[Event "RUS-ch Women Blitz 2019"]
[Site "Sochi"]
[Date "2019.10.17"]
[Round "4.6"]
[White "Samigullina, Diana"]
[Black "Karavaeva, Olga"]
[Result "0-1"]
[ECO "D45"]
[WhiteElo "2161"]
[BlackElo "2260"]
[Annotator "NA"]
[PlyCount "106"]
[EventDate "2019.10.17"]
[EventType "swiss"]
[EventCountry "RUS"]
[SourceTitle "playchess.com"]
[Source "ChessBase"]
[SourceQuality "1"]
[TimeControl "180+2"]

1. d4 d5 2. c4 e6 3. e3 c6 4. Nf3 Nf6 5. Nc3 Nbd7 6. Qc2 Bd6 7. b3 O-O 8. Bb2 Qe7 9. Bd3 Ba3 10. O-O a5 11. Bxa3 Qxa3 12. c5 a4 13. Nxa4 Re8 14. Ne5 h6 15. f4 Qb4 16. a3 Qa5 17. Nc3 Qc7 18. b4 b6 19. a4 bxc5 20. bxc5 Ba6 21. Rfb1 Bxd3 22. Qxd3 Ra5 23. Rb2 Nxe5 24. fxe5 Nd7 25. Rab1 Ra7 26. Rb4 Rea8 27. Qc2 Qa5 28. Rb7 Qa6 29. Rxa7 Rxa7 30. Rb4 g6 31. Ne2 Rb7 32. Rxb7 Qxb7 33. Nf4 Kg7 34. Nd3 Nb8 35. Qb2 Qa6 36. Qb3 Nd7 37. Kf2 Qa5 38. Qb4 Qa6 39. a5 Qxd3 40. Qb7 Nf8 41. a6 Qd2+ 42. Kf3 Qd1+ 43. Kf2 Qd2+ 44. Kf3 g5 45. h3 h5 46. a7 g4+ 47. hxg4 hxg4+ 48. Kg3 Qxe3+ 49. Kh2 g3+ 50. Kh3 Ng6 51. a8=Q Qh6+ 52. Kxg3 Qf4+ 53. Kh3 Qh4# 0-1

[Event "RUS-ch Women Blitz 2019"]
[Site "Sochi"]
[Date "2019.10.17"]
[Round "4.8"]
[White "Vifleemskaia, Svetlana"]
[Black "Tomilova, Elena"]
[Result "1/2-1/2"]
[ECO "E46"]
[WhiteElo "1978"]
[BlackElo "2345"]
[Annotator "NA"]
[PlyCount "178"]
[EventDate "2019.10.17"]
[EventType "swiss"]
[EventCountry "RUS"]
[SourceTitle "playchess.com"]
[Source "ChessBase"]
[SourceQuality "1"]
[TimeControl "180+2"]

1. d4 Nf6 2. c4 e6 3. Nc3 Bb4 4. e3 O-O 5. Nge2 c6 6. a3 Ba5 7. g3 d5 8. c5 Ne4 9. Bg2 Nxc3 10. Nxc3 Nd7 11. f4 f6 12. O-O e5 13. b4 Bc7 14. e4 exd4 15. Qxd4 dxe4 16. Nxe4 Re8 17. Bb2 Nf8 18. Nd6 Bxd6 19. cxd6 Bd7 20. Rad1 Qb6 21. Rfe1 Ne6 $16 ({Better is} 21... Kf7 $14) 22. Qf2 Qxf2+ 23. Kxf2 a6 24. h4 Kf7 25. f5 Nf8 26. g4 g6 27. fxg6+ hxg6 28. Kg3 a5 29. Bc3 axb4 30. Bxb4 Rxe1 31. Rxe1 Re8 32. Re7+ Rxe7 33. dxe7 Ne6 34. h5 gxh5 35. gxh5 c5 36. Bc3 b5 37. h6 Ng5 38. Bd5+ Kxe7 39. Kf4 Kd6 40. Bg8 Be6 41. h7 Nxh7 42. Bxh7 Kd5 43. Bxf6 Kc4 44. Be7 b4 45. axb4 cxb4 46. Bf6 b3 47. Ke3 Bd5 48. Kd2 Be6 49. Kc1 Kb4 50. Kb2 Bf7 51. Bd3 Be6 52. Be2 Bf7 53. Be7+ Ka5 54. Kc3 Kb6 55. Ba3 Kc6 56. Kb4 Kb6 57. Bf3 Kc7 58. Kc5 Kd7 59. Bb2 Kc7 60. Be5+ Kd7 61. Bg4+ Be6 62. Bd1 Bf7 63. Be2 Bg8 64. Bb2 Bf7 65. Bb5+ Ke7 66. Bd3 Kd7 67. Bf5+ Be6 68. Be4 Bf7 69. Kd4 Be6 70. Ke5 Bg8 71. Bf5+ Kc6 72. Kd4 Bf7 73. Ba3 Bg8 74. Bd3 Bf7 75. Be4+ Kd7 76. Ke5 b2 77. Bxb2 Bg8 78. Ba3 Bf7 79. Kf6 Bg8 80. Ke5 Bf7 81. Bd6 Bg8 82. Bf5+ Kc6 83. Be7 Bf7 84. Be4+ Kd7 85. Bc5 Bg8 86. Bb7 Kc7 87. Be4 Kd7 88. Bd6 Bf7 89. Bb4 Bg8 1/2-1/2

[Event "RUS-ch Women Blitz 2019"]
[Site "Sochi"]
[Date "2019.10.17"]
[Round "4.9"]
[White "Koroleva, Evgeniya"]
[Black "Maltsevskaya, Aleksandra"]
[Result "1-0"]
[ECO "A48"]
[WhiteElo "1855"]
[BlackElo "2333"]
[Annotator "NA"]
[PlyCount "87"]
[EventDate "2019.10.17"]
[EventType "swiss"]
[EventCountry "RUS"]
[SourceTitle "playchess.com"]
[Source "ChessBase"]
[SourceQuality "1"]
[TimeControl "180+2"]

1. d4 Nf6 2. Nf3 g6 3. c4 Bg7 4. Nc3 d6 5. e3 O-O 6. Be2 Nbd7 7. O-O e5 8. Qc2 Re8 9. a3 Nf8 10. b4 e4 11. Nd2 Bf5 12. Rb1 h5 13. Re1 N8h7 14. Bf1 Ng5 15. Bb2 Ng4 16. h3 Nxf2 17. Kxf2 Nxh3+ 18. gxh3 Qh4+ 19. Ke2 Bg4+ 20. hxg4 Qxg4+ 21. Kf2 Bf6 22. Bg2 h4 23. Rh1 Qg3+ 24. Kf1 Qxe3 25. Ncxe4 Bg7 26. Re1 Qf4+ 27. Nf2 Rxe1+ 28. Kxe1 Re8+ 29. Kf1 Re3 30. Rh3 Re7 31. Qd3 Bh6 32. Rf3 Qxd2 33. Qxd2 Bxd2 34. Nd3 f5 35. Rf2 Bg5 36. Re2 Rf7 37. Bxb7 Rh7 38. Bd5+ Kf8 39. Kg2 h3+ 40. Kh2 Bf6 41. Nf4 Kg7 42. Ne6+ Kh8 43. Re3 g5 44. Rxh3 1-0

[Event "RUS-ch Women Blitz 2019"]
[Site "Sochi"]
[Date "2019.10.17"]
[Round "4.10"]
[White "Pogonina, Natalija"]
[Black "Yakimova, Mariya"]
[Result "0-1"]
[ECO "A81"]
[WhiteElo "2479"]
[BlackElo "2276"]
[Annotator "ChessBase"]
[PlyCount "92"]
[EventDate "2019.10.17"]
[EventType "swiss"]
[EventCountry "RUS"]
[SourceTitle "playchess.com"]
[Source "ChessBase"]
[SourceQuality "1"]
[TimeControl "180+2"]

1. d4 f5 2. g3 Nf6 3. Bg2 e6 4. c4 d5 5. Qc2 c6 6. Nf3 Bd6 7. O-O O-O 8. b3 Qe7 9. a4 a5 10. Ba3 Bxa3 11. Rxa3 Na6 12. Ra1 Bd7 13. Nc3 Nb4 14. Qb2 b6 15. e3 Be8 16. Ne5 Nd7 17. Na2 Nxe5 18. dxe5 Na6 19. Rac1 Nc5 20. Qc3 Rc8 21. Rc2 Bg6 22. Rb2 Rfd8 23. Nc1 Na6 24. Nd3 c5 25. cxd5 exd5 26. Nf4 Nb4 27. Nxg6 hxg6 28. Rd2 d4 29. Qc4+ Kh7 30. Rfd1 Qxe5 31. Bf1 Qe7 32. exd4 cxd4 33. Qb5 Qc5 34. Bc4 Rc7 35. h4 Re7 36. Re2 Rxe2 37. Bxe2 Qxb5 38. Bxb5 Kg8 39. Kg2 Na2 40. Bc4+ Kf8 41. Kf3 Nc3 42. Rd3 Ke7 43. Kf4 Kf6 44. Rd2 Ne4 45. Rd1 Nxf2 46. Re1 Ne4 0-1

[Event "RUS-ch Women Blitz 2019"]
[Site "Sochi"]
[Date "2019.10.17"]
[Round "4.11"]
[White "Trapeznikova, Darya"]
[Black "Ambartsumova, Karina"]
[Result "0-1"]
[ECO "A05"]
[WhiteElo "2065"]
[BlackElo "2341"]
[Annotator "NA"]
[PlyCount "108"]
[EventDate "2019.10.17"]
[EventType "swiss"]
[EventCountry "RUS"]
[SourceTitle "playchess.com"]
[Source "ChessBase"]
[SourceQuality "1"]
[TimeControl "180+2"]

1. Nf3 Nf6 2. c4 g6 3. Nc3 Bg7 4. d4 O-O 5. Bf4 d6 6. e3 Nc6 7. h3 Nd7 8. Be2 e5 9. Bh2 Re8 10. O-O e4 11. Nd2 f5 12. a3 Nf6 13. b4 Ne7 14. c5 dxc5 15. Qb3+ Kh8 16. bxc5 Ned5 17. Bc4 c6 18. Nxd5 cxd5 19. Be2 g5 20. Rac1 Re6 21. Bb5 $14 (21. Nb1 $16) 21... Bd7 22. Bxd7 Qxd7 23. Rb1 b6 24. cxb6 axb6 25. Rfc1 Ne8 26. Qb4 Kg8 27. Rc2 Bf8 28. Qb3 Rxa3 29. Qb5 Qxb5 30. Rxb5 Ra1+ 31. Rb1 Rxb1+ 32. Nxb1 b5 33. Nc3 Rc6 34. Rc1 b4 35. Ne2 Rxc1+ 36. Nxc1 Kf7 37. Nb3 Ke6 38. Kf1 Bd6 39. Bxd6 Kxd6 40. Ke2 Kc6 41. Kd2 Nc7 42. Nc5 Kb5 43. Kc2 Kc4 44. f3 Nb5 45. fxe4 fxe4 46. Ne6 h6 47. Nd8 b3+ 48. Kb2 Nc3 49. Nb7 Nd1+ 50. Kc1 Nxe3 51. Na5+ Kc3 52. Kb1 Nc4 53. Nc6 Nd2+ 54. Kc1 b2+ 0-1

[Event "RUS-ch Women Blitz 2019"]
[Site "Sochi"]
[Date "2019.10.17"]
[Round "4.12"]
[White "Guseva, Marina"]
[Black "Gutkovich, Polina"]
[Result "1-0"]
[ECO "A65"]
[WhiteElo "2366"]
[BlackElo "2105"]
[Annotator "NA"]
[PlyCount "61"]
[EventDate "2019.10.17"]
[EventType "swiss"]
[EventCountry "RUS"]
[SourceTitle "playchess.com"]
[Source "ChessBase"]
[SourceQuality "1"]
[TimeControl "180+2"]

1. d4 Nf6 2. c4 e6 3. Nc3 c5 4. d5 exd5 5. cxd5 d6 6. e4 g6 7. Bd3 Bg7 8. h3 O-O 9. Nf3 Re8 10. O-O Na6 11. Re1 Nc7 12. a4 a6 13. Bf4 Rb8 14. a5 Bf8 15. Bc4 Bd7 16. e5 Nh5 17. Bh2 Bb5 18. b3 dxe5 19. Nxe5 Bd6 20. Qd2 Ng7 $16 21. Rad1 Nf5 22. Bf4 Nd4 23. Ng4 Bxf4 24. Qxf4 f5 25. Ne5 Bxc4 26. bxc4 b5 27. axb6 Rxb6 28. Na4 Rb4 29. Nxc5 Rxc4 30. Nxc4 Nxd5 31. Qxd4 1-0

[Event "RUS-ch Women Blitz 2019"]
[Site "Sochi"]
[Date "2019.10.17"]
[Round "5.1"]
[White "Kovanova, Baira"]
[Black "Voit, Daria"]
[Result "1/2-1/2"]
[ECO "A05"]
[WhiteElo "2344"]
[BlackElo "2336"]
[Annotator "NA RC"]
[PlyCount "73"]
[EventDate "2019.10.17"]
[EventType "swiss"]
[EventCountry "RUS"]
[SourceTitle "playchess.com"]
[Source "ChessBase"]
[SourceQuality "1"]
[TimeControl "180+2"]

1. Nf3 Nf6 2. g3 g6 3. Bg2 Bg7 4. O-O O-O 5. c4 c6 6. Nc3 d5 7. cxd5 cxd5 8. d4 e6 9. Ne5 Nfd7 10. f4 Nc6 11. e3 Nb6 12. b3 Bd7 13. Ba3 Re8 14. Qe2 Bf8 15. Bb2 Nc8 16. Rac1 Nd6 17. Ba3 f6 18. Nd3 Kg7 19. Bb2 b6 20. Qf2 Rc8 21. e4 dxe4 22. Nxe4 Nxe4 23. Bxe4 Nb4 24. Rxc8 Qxc8 25. Rc1 Nxd3 26. Bxd3 Qb7 27. Bf1 Bc6 28. Bg2 Bd5 29. Bxd5 Qxd5 30. Rc7+ Re7 31. Rc8 Rd7 32. Qg2 Qxg2+ 33. Kxg2 e5 34. fxe5 fxe5 35. Rc4 exd4 36. Rxd4 Rxd4 37. Bxd4+ 1/2-1/2

[Event "RUS-ch Women Blitz 2019"]
[Site "Sochi"]
[Date "2019.10.20"]
[Round "5.3"]
[White "Guseva, Marina"]
[Black "Zavivaeva, Emilia"]
[Result "1-0"]
[ECO "D45"]
[WhiteElo "2366"]
[BlackElo "1808"]
[Annotator "NA"]
[PlyCount "54"]
[EventDate "2019.10.17"]
[EventType "swiss"]
[EventCountry "RUS"]
[SourceTitle "playchess.com"]
[Source "ChessBase"]
[SourceQuality "1"]
[TimeControl "180+2"]

1. d4 d5 2. c4 c6 3. Nc3 Nf6 4. e3 e6 5. Nf3 Bd6 6. Bd3 O-O 7. O-O Nbd7 8. e4 dxe4 9. Nxe4 Nxe4 10. Bxe4 Nf6 11. Bc2 c5 12. Bg5 h6 13. Bh4 cxd4 14. Qd3 g6 15. Nxd4 Be7 16. Rad1 e5 17. Nb5 Be6 18. Qf3 Qb6 19. Bxf6 Bxf6 20. Qxf6 Bxc4 21. Qxb6 axb6 22. Bd3 Bxd3 23. Rxd3 Rxa2 24. Rb3 Rc8 25. Nc3 Ra6 26. Rd1 b5 27. Rxb5 Rac6 1-0

[Event "RUS-ch Women Blitz 2019"]
[Site "Sochi"]
[Date "2019.10.17"]
[Round "5.3"]
[White "Karavaeva, Olga"]
[Black "Larina, Maria"]
[Result "1-0"]
[ECO "A10"]
[WhiteElo "2260"]
[BlackElo "1948"]
[Annotator "NA"]
[PlyCount "87"]
[EventDate "2019.10.17"]
[EventType "swiss"]
[EventCountry "RUS"]
[SourceTitle "playchess.com"]
[Source "ChessBase"]
[SourceQuality "1"]
[TimeControl "180+2"]

1. c4 f5 2. Nc3 Nf6 3. g3 g6 4. Bg2 Bg7 5. Nf3 d6 6. d3 O-O 7. O-O e5 8. Rb1 a5 9. a3 c6 10. Qc2 Na6 11. b4 axb4 12. axb4 Qe7 13. b5 Nc5 14. Be3 Bd7 15. Rfd1 Ng4 16. Bxc5 dxc5 17. bxc6 bxc6 18. h3 Nf6 19. Rb7 Qe8 20. Rdb1 h6 21. Na4 Bc8 22. Rc7 Ra5 23. Rb8 Qe6 24. Nh4 Nd7 25. Rbxc8 e4 26. Rxf8+ Nxf8 27. dxe4 fxe4 28. Rxg7+ Kxg7 29. Qc3+ Qf6 30. Qxa5 g5 31. Qc7+ Kg8 32. Nxc5 gxh4 33. Nxe4 Qa1+ 34. Kh2 hxg3+ 35. fxg3 Qd4 36. Qxc6 Qe3 37. Qd5+ Kg7 38. Qe5+ Kg6 39. Qf6+ Kh7 40. Qxf8 h5 41. Qf7+ Kh8 42. Qxh5+ Kg7 43. Qg5+ Qxg5 44. Nxg5 1-0

[Event "RUS-ch Women Blitz 2019"]
[Site "Sochi"]
[Date "2019.10.20"]
[Round "5.5"]
[White "Lagno, Kateryna"]
[Black "Badelka, Olga"]
[Result "1-0"]
[ECO "B32"]
[WhiteElo "2587"]
[BlackElo "2150"]
[Annotator "ChessBase"]
[PlyCount "61"]
[EventDate "2019.10.17"]
[EventType "swiss"]
[EventCountry "RUS"]
[SourceTitle "playchess.com"]
[Source "ChessBase"]
[SourceQuality "1"]
[TimeControl "180+2"]

1. e4 c5 2. Nf3 Nc6 3. d4 cxd4 4. Nxd4 e5 5. Nb5 d6 6. N1c3 a6 7. Na3 Be7 8. Be3 Nf6 9. Be2 O-O 10. Nc4 b5 11. Nb6 Rb8 12. Nxc8 Rxc8 13. O-O Na5 14. a4 Nc4 15. Bxc4 bxc4 16. Qe2 Qa5 17. Bd2 Qb6 18. Rab1 Rfd8 19. b4 cxb3 20. cxb3 d5 21. exd5 Nxd5 22. Nxd5 Rxd5 23. b4 Rc2 24. Be3 Rxe2 25. Bxb6 Ra2 26. a5 f6 27. Rfc1 Kf7 28. Rc7 Ke6 29. h3 Ra4 30. Ra7 Rxb4 31. Rxe7+ 1-0

[Event "RUS-ch Women Blitz 2019"]
[Site "Sochi"]
[Date "2019.10.17"]
[Round "5.6"]
[White "Gvanceladze, Anna"]
[Black "Bivol, Alina"]
[Result "0-1"]
[ECO "E68"]
[WhiteElo "2270"]
[BlackElo "2371"]
[Annotator "NA RC"]
[PlyCount "78"]
[EventDate "2019.10.17"]
[EventType "swiss"]
[EventCountry "RUS"]
[SourceTitle "playchess.com"]
[Source "ChessBase"]
[SourceQuality "1"]
[TimeControl "180+2"]

1. d4 Nf6 2. Nf3 g6 3. c4 Bg7 4. g3 O-O 5. Bg2 d6 6. Nc3 Nbd7 7. O-O e5 8. e4 exd4 9. Nxd4 Re8 10. Re1 Nc5 11. h3 Bd7 12. b3 a5 13. Bb2 {[%emt 0:00:01] E68: King's Indian: Fianchetto: 6...Nbd7 7 0-0 e5 8 e4} Qc8 14. Kh2 h5 $146 ({Predecessor:} 14... a4 15. Rb1 axb3 16. axb3 h5 17. b4 Ne6 {½-½ (17) Michel Yunis,C (2368)-Valenzuela Fuentealba,L (2496) Antofagasta 2012}) 15. Qd2 a4 16. b4 a3 17. Bc1 Na4 18. Rb1 Nxc3 19. Qxc3 c5 20. bxc5 dxc5 21. Nb5 {[%emt 0:00:02] [#]} Ng4+ $1 {[%emt 0:00:21] Discovered Attack} 22. hxg4 Bxc3 23. Nxc3 Bxg4 24. Nd5 Ra6 25. Bg5 Kh7 26. Nf6+ {[%emt 0:00:03] [#]} Rxf6 $1 27. Bxf6 Qe6 28. e5 Qxc4 29. Rb3 b5 30. Rxa3 Be6 31. Ra7 $2 (31. Rd1 {was necessary.}) 31... Qc2 32. Kg1 c4 33. Be4 Qd2 34. Rb1 c3 35. Rc7 Rc8 36. Rxc8 Bxc8 37. Rxb5 Qe1+ 38. Kh2 Qxe4 39. Rc5 Bb7 0-1

[Event "RUS-ch Women Blitz 2019"]
[Site "Sochi"]
[Date "2019.10.20"]
[Round "5.7"]
[White "Gritsayeva, Oksana"]
[Black "Chan, Naruna"]
[Result "1/2-1/2"]
[ECO "B31"]
[WhiteElo "2370"]
[BlackElo "1936"]
[Annotator "NA"]
[PlyCount "95"]
[EventDate "2019.10.17"]
[EventType "swiss"]
[EventCountry "RUS"]
[SourceTitle "playchess.com"]
[Source "ChessBase"]
[SourceQuality "1"]
[TimeControl "180+2"]

1. e4 c5 2. Nf3 Nc6 3. Bb5 g6 4. Bxc6 bxc6 5. O-O Bg7 6. Re1 d6 7. h3 Nh6 8. c3 f6 9. d4 cxd4 10. cxd4 Nf7 11. Nc3 Rb8 12. b3 O-O 13. Qc2 e5 14. Bb2 Qb6 15. Rad1 Bb7 16. Qd2 Rbd8 17. Na4 Qb5 18. Qe2 Qxe2 19. Rxe2 Ba6 20. Rc2 Rc8 21. Rcd2 Rfe8 22. dxe5 fxe5 23. Ba3 Bf8 24. Rc2 Red8 25. Bb2 Bg7 26. Nc3 Rd7 27. h4 Rcd8 28. Na4 Bb5 29. Ng5 Nxg5 30. hxg5 Bxa4 31. bxa4 d5 32. Rxc6 dxe4 33. Rxd7 Rxd7 34. Rc5 Rd1+ 35. Kh2 Rd2 36. Bxe5 Bxe5+ 37. Rxe5 Rxf2 38. Rxe4 Rxa2 39. Rb4 a5 40. Rf4 Ra3 41. Rc4 h6 42. Rc8+ Kg7 43. Rc7+ Kh8 44. gxh6 Rxa4 45. Kh3 g5 46. Ra7 Rh4+ 47. Kg3 Rxh6 48. Rxa5 1/2-1/2

[Event "RUS-ch Women Blitz 2019"]
[Site "Sochi"]
[Date "2019.10.17"]
[Round "5.11"]
[White "Garifullina, Leya"]
[Black "Vifleemskaia, Svetlana"]
[Result "1-0"]
[ECO "B01"]
[WhiteElo "2330"]
[BlackElo "1978"]
[Annotator "RC"]
[PlyCount "71"]
[EventDate "2019.10.17"]
[EventType "swiss"]
[EventCountry "RUS"]
[SourceTitle "playchess.com"]
[Source "ChessBase"]
[SourceQuality "1"]
[TimeControl "180+2"]

1. e4 d5 2. exd5 Nf6 3. d4 Bg4 4. f3 Bf5 5. Bb5+ Nbd7 6. c4 e6 7. dxe6 fxe6 8. Ne2 c6 9. Ba4 Bd6 10. Bf4 Qc7 11. Bxd6 Qxd6 12. Nbc3 O-O 13. O-O e5 14. dxe5 Qxe5 15. Bc2 Bxc2 16. Qxc2 Qc5+ 17. Kh1 Qxc4 18. Rad1 Rad8 19. Rd4 Qe6 20. Rfd1 Rde8 21. Rd6 Qe7 22. Qb3+ Rf7 23. Qxb7 Ne5 24. Qxe7 Rfxe7 25. b3 Nd5 26. Nxd5 cxd5 27. Ng1 Ng6 28. R6xd5 Re1 29. h3 Nf4 30. R5d2 h6 31. Kh2 a5 32. Rxe1 Rxe1 33. Rd4 g5 34. h4 Rxg1 35. Rd8+ Kf7 36. Kxg1 1-0